 Dungeon Crawl Stone Soup version 0.29-a0-870-g2c972031a6 (webtiles) character file.

Game seed: 4950650812442341134

5302 Zonian the Frost Mage (level 10, -2/63 HPs)
             Began as a Demonspawn Ice Elementalist on July 18, 2022.
             Was an Initiate of Gozag.
             Slain by an orc warrior
             ... wielding a +4 scimitar of freezing
              (4 damage)
             ... in a bailey.
             The game lasted 00:38:55 (12970 turns).

Zonian the Frost Mage (DsIE)                       Turns: 12970, Time: 00:38:57

Health: -2/63      AC: 11    Str: 15    XL:     10   Next: 37%
Magic:  0/17       EV: 14    Int: 19    God:    Gozag
Gold:   370        SH:  0    Dex: 23    Spells: 10/19 levels left

rFire   + . .      SeeInvis .   H - +7 short sword
rCold   . . .      Faith    .   (no shield)
rNeg    + . .      Spirit   +   x - +4 ring mail of Patterns {rElec rN+ Will+ Str+6}
rPois   +          Reflect  .   (helmet restricted)
rElec   +          Harm     .   (no cloak)
rCorr   .          Rampage  .   z - +1 pair of gloves
Will    +....                   (no boots)
Stlth   +++.......              b - amulet "Zadyec" {Acrobat rF+}
HPRegen 0.20/turn               n - +6 ring of dexterity
MPRegen 0.30/turn               v - ring of poison resistance

@: on blink cooldown
A: horns 1, powered by death 1, magic shield, magic regeneration, big brain 1
a: Renounce Religion, Potion Petition, Call Merchant, Bribe Branch


You were in a bailey.
You worshipped Gozag.
Gozag was aware of your devotion.
You visited 2 branches of the dungeon, and saw 9 of its levels.
You also visited: Sewer and Bailey.

You collected 895 gold pieces.
You paid 525 gold pieces to Gozag.

Inventory:

Hand Weapons
 c - a +2 dagger
 d - a +3 dagger
 h - a +0 rapier
 p - a +0 sling
 y - a +0 short sword of freezing
 H - a +7 short sword (weapon)
Missiles
 w - 3 javelins
 J - 5 boomerangs
Armour
 a - a +0 robe
 t - an orb of guile
 x - the +4 ring mail of Patterns (worn) {rElec rN+ Will+ Str+6}
   (You found it on level 5 of the Dungeon)

   Str:       It affects your strength (+6).
   rElec:     It insulates you from electricity.
   rN:        It protects you from negative energy.
   Will:      It increases your willpower.
 z - a +1 pair of gloves (worn)
 E - a +0 troll leather armour
Jewellery
 b - the amulet "Zadyec" (around neck) {Acrobat rF+}
   (You acquired it in a bailey)

   [amulet of the acrobat]

   It increases your evasion while moving and waiting.
   rF:        It protects you from fire.
 e - a ring of positive energy
 n - a +6 ring of dexterity (left hand)
 v - a ring of poison resistance (right hand)
Wands
 A - a wand of paralysis (1)
Scrolls
 f - a scroll of amnesia
 g - 2 scrolls of enchant armour
 r - a scroll of poison
 D - 2 scrolls of silence
 I - a scroll of enchant weapon
Potions
 i - 4 potions of attraction
 k - 2 potions of lignification
 m - 2 potions of mutation
 o - a potion of ambrosia
 q - a potion of invisibility
 s - a potion of cancellation
 u - a potion of brilliance {unknown}
 B - 2 potions of degeneration
 C - 3 potions of curing
 F - a potion of resistance {unknown}
 G - a potion of flight {unknown}


   Skills:
 - Level 5.0 Dodging
 - Level 5.0 Stealth
 - Level 5.0 Spellcasting
 - Level 5.0 Translocations
 * Level 11.2 Ice Magic


You had 10 spell levels left.
You knew the following spells:

 Your Spells              Type           Power      Damage    Failure   Level
a - Freeze                Ice            100%       1d11      1%          1
b - Frozen Ramparts       Ice            94%        1d11      1%          3
c - Ozocubu's Armour      Ice            47%        N/A       1%          3
d - Blink                 Tloc           46%        N/A       4%          2

Your spell library contained the following spells:

 Spells                   Type           Power      Damage    Failure   Level
 Lesser Beckoning         Tloc           23%        N/A       10%         3
 Magic Dart               Conj           16%        1d3       24%         1
 Hailstorm                Conj/Ice       26%        3d7       24%         4
 Call Imp                 Summ           4%         N/A       36%         2
 Poisonous Vapours        Pois/Air       8%         N/A       36%         2
 Dazzling Flash           Conj/Hex       8%         N/A       58%         3
 Mephitic Cloud           Conj/Pois/Air  4%         N/A       58%         3
 Summon Guardian Golem    Hex/Summ       4%         N/A       58%         3
 Iskenderun's Mystic Bla  Conj/Tloc      14%        2d5       65%         4
 Manifold Assault         Tloc           23%        N/A       65%         5
 Ozocubu's Refrigeration  Ice            23%        4d9       90%         7
 Starburst                Conj/Fire      2%         6d3       100%        6
 Orb of Destruction       Conj           2%         9d5       100%        7
 Spellforged Servitor     Conj/Summ      2%         N/A       100%        7
 Corpse Rot               Necr/Pois/Air  Unusable   N/A       N/A         4

Dungeon Overview and Level Annotations

Branches:
Dungeon (8/15)             Temple (1/1) D:5           Sewer (visited)
 Bailey (1/1)
   Lair: D:8-11

Altars:
Ashenzari
Cheibriados
Dithmenos
Gozag
Hepliaklqana
Kikubaaqudgha
Makhleb
Nemelex Xobeh
Okawaru
Qazlal
Ru
Sif Muna
Trog
Uskayaw
Vehumet
Wu Jian
Xom
Yredelemnul
Ignis

Shops:
D:5 [

Annotations:
D:5 1 runed translucent door, 2 transporters, Bl4cKSa5uke's ghost, novice BaHu; Crazy Yiuf


Innate Abilities, Weirdness & Mutations

You have a pair of small horns on your head.
You regenerate a little health from kills.
When hurt, damage is shared between your health and your magic reserves.
You regenerate magic rapidly.
You have an unusually large brain. (Int +2)


Message History

The orc warrior is lightly wounded.
The orc warrior closely misses you.
You hit the orc warrior. Your headbutt misses the orc warrior.
The orc warrior is lightly wounded.
The orc warrior hits you with a +4 scimitar of freezing.
The orc warrior freezes you.
You hit the orc warrior.
The orc warrior is moderately wounded.
The orc warrior misses you.
You closely miss the orc warrior.
The orc warrior is moderately wounded.
The frozen ramparts melt away.
The orc warrior hits you with a +4 scimitar of freezing!
The orc warrior freezes you.
Unknown command.
Aiming: Paralyse
Press: ? - help, Shift-Dir - straight line, f - orc warrior
Aim: an orc warrior, wielding a +4 scimitar of freezing and wearing a +0 plate armour (moderately wounded, chance to affect: 49%)
Okay, then.
The orc warrior attacks as you move away!
The orc warrior hits you with a +4 scimitar of freezing!
* * * LOW HITPOINT WARNING * * *
The orc warrior freezes you.
* * * LOW HITPOINT WARNING * * *
There is an open door, spattered with blood here.
Items here: $ )) [[.
Okay, then.
Okay, then.
Okay, then.
Okay, then.
Okay, then.
Okay, then.
Casting: Frozen Ramparts (safe; 1% risk of failure)
Confirm with . or Enter, or press ? or * to list all spells.
You blink.
The orc warrior hits you with a +4 scimitar of freezing!
* * * LOW HITPOINT WARNING * * *
The orc warrior freezes you.
You die...
Your body crumbles into a pile of gold.

≈≈≈≈#....#..)))'.8.8.8.#....#≈≈≈≈
≈≈≈≈#.##############...######≈≈≈≈
≈≈≈≈≈.#[ .'....#).....#.≈≈≈≈≈
≈≈≈≈≈.#[[# .#....#......#.≈≈≈≈≈
≈≈≈≈≈.#..# #....#####''#.≈≈≈≈≈
≈≈≈≈≈.#########....##....)#.≈≈≈≈≈
≈≈≈≈≈.#..8.8..#....##.....'......
≈≈≈≈≈∩........§o_..##..⌠..'......
≈≈≈≈≈.#..8.8..#.@..##.....'......
≈≈≈≈≈.#########....##.....#.≈≈≈≈≈
≈≈≈≈≈.#..# .#....#####''#)≈≈≈≈≈
≈≈≈≈≈.#))# #..#....#......#))≈≈≈≈
≈≈≈≈≈.#))'.#.:'....#......#.≈≈≈≈≈
≈≈≈≈#.##############...######≈≈≈≈
≈≈≈≈#....#.....')8.8.8.#..).#≈≈≈≈
≈≈≈≈#...)))....#..)....#..).#≈≈≈≈
≈≈≈≈#'#.)###############..#'#≈≈≈≈


You could see an orc warrior.

Vanquished Creatures
  An orc knight (Bailey)
  A kobold demonologist (Bailey)
  A troll (D:5)
  Prince Ribbit (D:6)
  19 fire elementals
  A steam dragon (D:6)
  12 orc warriors
  3 sky beasts
  3 ice beasts
  2 ogres
  3 centaurs (D:7)
  A phantom (D:7)
  2 necrophages
  4 scorpions
  4 wights (D:7)
  9 killer bees
  An electric eel (Bailey)
  4 orc priests
  2 hounds (D:5)
  7 jellies
  2 iguanas
  A gnoll bouda (D:5)
  4 orc wizards
  8 gnolls
  2 river rats (Sewer)
  5 adders
  3 white imps (D:6)
  2 worms
  2 dart slugs
  40 orcs
  11 ball pythons
  16 endoplasms
  7 giant cockroaches
  16 goblins
  13 hobgoblins
  4 jackals (D:1)
  4 kobolds
  3 quokkas
  4 bats
  8 frilled lizards
  7 rats
243 creatures vanquished.

Vanquished Creatures (others)
  44 foxfires
44 creatures vanquished.

Grand Total: 287 creatures vanquished

Notes
Turn   | Place    | Note
-------+----------+-------------------------------------------
     0 | D:1      | Zonian the Demonspawn Ice Elementalist began the quest for
                  | the Orb.
     0 | D:1      | Reached XP level 1. HP: 13/13 MP: 3/3
   316 | D:1      | Found a faded altar of an unknown god.
   321 | D:1      | Prayed at the altar of an unknown god.
   321 | D:1      | Became a worshipper of Ignis, the Dying Flame
   457 | D:1      | Gained mutation: You regenerate magic rapidly. [demonic
                  | ancestry]
   457 | D:1      | Reached XP level 2. HP: 19/19 MP: 3/5
  1186 | D:1      | Gained mutation: You have an unusually large brain. (Int
                  | +2) [demonic ancestry]
  1186 | D:1      | Reached XP level 3. HP: 23/24 MP: 4/6
  1797 | D:2      | Reached skill level 4 in Ice Magic
  2148 | D:3      | Learned a level 3 spell: Frozen Ramparts
  2152 | D:3      | Learned a level 3 spell: Ozocubu's Armour
  2372 | D:3      | Found an ancient bone altar of Kikubaaqudgha.
  2372 | D:3      | Found a bloodstained altar of Trog.
  2372 | D:3      | Found a stormy altar of Qazlal.
  2587 | D:3      | Found a burning altar of Makhleb.
  2694 | D:3      | Gained mutation: You have a pair of small horns on your
                  | head. [demonic ancestry]
  2694 | D:3      | Reached XP level 4. HP: 3/30 MP: 4/8
  3334 | D:4      | Found a broken altar of Ashenzari.
  3549 | D:4      | Reached XP level 5. HP: 28/35 MP: 9/9
  3769 | D:4      | Found a glowing drain.
  3787 | Sewer    | Entered a sewer
  4511 | Sewer    | Found a viscous altar of Jiyva.
  4515 | Sewer    | Gained mutation: When hurt, damage is shared between your
                  | health and your magic reserves. [demonic ancestry]
  4515 | Sewer    | Reached XP level 6. HP: 41/41 MP: 10/10
  4605 | Sewer    | Reached skill level 5 in Ice Magic
  5549 | D:5      | Entered Level 5 of the Dungeon
  5549 | D:5      | Found a staircase to the Ecumenical Temple.
  5559 | D:5      | Found Enuw Fij's Armour Shoppe.
  5744 | D:5      | Identified the +4 ring mail of Patterns {rElec rN+ Will+
                  | Str+6}
  5949 | D:5      | Found a runed translucent door.
  5950 | D:5      | Noticed Crazy Yiuf
  6054 | D:5      | Reached XP level 7. HP: 26/46 MP: 3/12
  6486 | D:5      | Found a transporter.
  6488 | D:5      | Identified the +10 great mace of the Furious {venom, *Noise
                  | rC+ Dex+8}
  6489 | D:5      | Noticed Bl4cKSa5uke's ghost (novice BaHu)
  6493 | D:5      | Found a transporter.
  6575 | D:5      | Noticed a troll
  6593 | D:5      | Killed a troll
  6594 | D:5      | Reached skill level 6 in Ice Magic
  7758 | D:5      | Learned a level 2 spell: Blink
  7818 | D:6      | Reached XP level 8. HP: 49/52 MP: 10/14
  7881 | D:6      | Found a snail-covered altar of Cheibriados.
  8324 | D:6      | Noticed Prince Ribbit
  8337 | D:6      | Killed Prince Ribbit
  8338 | D:6      | Reached skill level 5 in Stealth
  8338 | D:6      | Reached skill level 5 in Spellcasting
  8338 | D:6      | Reached skill level 7 in Ice Magic
  8661 | D:6      | Reached skill level 5 in Dodging
  8661 | D:6      | Reached skill level 1 in Translocations
  9008 | D:7      | Reached XP level 9. HP: 29/57 MP: 3/16
  9011 | D:7      | Reached skill level 8 in Ice Magic
  9321 | Temple   | Entered the Ecumenical Temple
  9409 | Temple   | Fell from the grace of Ignis
  9409 | Temple   | Became a worshipper of Gozag Ym Sagoz the Greedy
  9557 | D:7      | Found a basalt altar of Yredelemnul.
 10059 | D:7      | Reached skill level 9 in Ice Magic
 10979 | D:8      | Found a flagged portal.
 11045 | Bailey   | Entered a bailey
 11398 | Bailey   | Reached skill level 10 in Ice Magic
 11830 | Bailey   | Noticed an orc knight
 11844 | Bailey   | Killed an orc knight
 11845 | Bailey   | Reached skill level 5 in Translocations
 11845 | Bailey   | Gained mutation: You regenerate a little health from kills.
                  | [demonic ancestry]
 11845 | Bailey   | Reached XP level 10. HP: 38/63 MP: 6/17
 12299 | Bailey   | Acquired the amulet "Zadyec" {Acrobat rF+}
 12401 | Bailey   | Was forgiven by Ignis
 12872 | Bailey   | Found the +10 tower shield of Ignorance {rN+ Int-4}
 12941 | Bailey   | Found an iron altar of Okawaru.
 12952 | Bailey   | Reached skill level 11 in Ice Magic
 12970 | Bailey   | HP: 2/63 [orc warrior/+4 scimitar of freezing (9)]
 12970 | Bailey   | Slain by an orc warrior

Illustrated notes

Levels and vault maps discovered:
D:1:      lemuel_arrival_river_passageway, layout_loops_corners,
          shapermc_ecumenical_altar_petra
D:2:      layout_basic
D:3:      layout_loops_corners, nicolae_overflow_crystal_walls,
          gammafunk_temple_overflow_claw
D:4:      layout_basic, ashenzari_altar_1, cheibrodos_sewer_entry_drain
D:5:      layout_layer_cave, minmay_temple_entry_trees, serial_shops, shop,
          gammafunk_ghost_smash, uniq_crazy_yiuf_cottage
D:6:      layout_basic, kennysheep_slug_shrine, st_stairs_7, uniq_prince_ribbit1
D:7:      layout_loops_cross, mainiacjoe_overflow_catwalk
D:8:      lemuel_bear_cage, layout_rooms, lemuel_doored_altar, enter_bailey_5,
          gammafunk_ghost_cemetery
Temple:   compressed_dpeg_circular_temple
Bailey:   bailey_axe_of_yendor_kennysheep, bailey

Skill      XL: |  1  2  3  4  5  6  7  8  9 10 |
---------------+-------------------------------+-----
Stealth        | 2 3 4 5 |  5.0
Dodging        | 2 3 4 5 |  5.0
Ice Magic      | 4 5 6 7 10 11 | 11.2
Spellcasting   | 3 4 5 |  5.0
Translocations | 2 5 |  5.0

Action                   |  1- 3 |  4- 6 |  7- 9 | 10-12 || total
-------------------------+-------+-------+-------+-------++-------
Melee: Dagger            |    55 |   160 |   240 |       ||   455
       Punch             |     1 |     4 |     8 |       ||    13
       Headbutt          |       |    32 |    87 |    16 ||   135
       Short sword       |       |       |    69 |    53 ||   122
 Cast: Freeze            |    55 |    17 |     5 |       ||    77
       Frozen Ramparts   |       |     7 |    32 |     9 ||    48
       Ozocubu's Armour  |       |       |    11 |       ||    11
       Blink             |       |       |       |     1 ||     1
Invok: Fiery Armour      |     1 |     3 |     4 |       ||     8
       Foxfire Swarm     |       |     3 |       |       ||     3
       Rising Flame      |       |       |     1 |       ||     1
       Potion Petition   |       |       |       |     1 ||     1
Evoke: Wand              |       |       |     2 |       ||     2
  Use: Scroll            |     8 |     3 |    16 |     2 ||    29
       Potion            |       |       |     3 |     5 ||     8
 Stab: Sleeping          |     5 |     4 |     7 |     1 ||    17
       Distracted        |       |       |     1 |       ||     1
       Paralysed         |       |       |     1 |       ||     1
Armor: Robe              |    13 |    32 |     5 |       ||    50
       Troll leather arm |       |       |    76 |       ||    76
       Ring mail         |       |       |    46 |    27 ||    73
Dodge: Dodged            |    61 |   103 |   191 |    39 ||   394

Table legend: (Time is in decaauts)
 A = Elapsed time spent in this place.
 B = Non-inter-level travel time spent in this place.
 C = Inter-level travel time spent in this place.
 D = Time resting spent in this place.
 E = Time spent auto-exploring this place.
 F = Levels seen in this place.
 G = Mean time per level.
                   A        B        C        D        E       F      G
               +--------+--------+--------+--------+--------+-----+--------+
         Total |  13049 |  12755 |    294 |   3847 |   5802 |  11 | 1186.3 |
       Dungeon |  10036 |   9761 |    275 |   1863 |   5643 |   8 | 1254.5 |
        Temple |    144 |    125 |     19 |      0 |     64 |   1 |  144.0 |
         Sewer |    916 |    916 |      0 |    582 |     71 |   1 |  916.0 |
        Bailey |   1951 |   1951 |      0 |   1402 |     24 |   1 | 1951.0 |
               +--------+--------+--------+--------+--------+-----+--------+

Top non-repeatable levels by time:
     D:5: 2469 daAuts
  Bailey: 1951 daAuts
     D:7: 1759 daAuts
     D:4: 1342 daAuts
     D:3: 1256 daAuts
     D:1: 1223 daAuts
     D:6: 1058 daAuts
   Sewer: 916 daAuts
     D:2: 858 daAuts
  Temple: 144 daAuts
     D:8: 68 daAuts
